 Dungeon Sprint DCSS version 0.27.1 (webtiles) character file.

Game seed: 13319436852440436875

5085 styxcanada the Imperceptible (level 10, 0/49 HPs)
             Began as a Spriggan Brigand on Sept 4, 2021.
             Was an Initiate of Gozag.
             Slain by a spriggan rider (23 damage)
             ... in the Dungeon (Sprint IV: "Fedhas' Mad Dash") on Sept 5, 2021.
             The game lasted 00:08:43 (1308 turns).

styxcanada the Imperceptible (Spriggan Brigand)     Turns: 1308, Time: 00:08:43

Health: 0/49       AC:  3    Str:  7    XL:     10   Next: 31%
Magic:  11/11      EV: 25    Int: 14    God:    Gozag
Gold:   1850       SH:  5    Dex: 19    Spells: 4/9 levels left

rFire    . . .     SeeInvis +   a - +2 dagger
rCold    . . .     Faith    .   m - +0 buckler
rNeg     . . .     Spirit   .   b - +0 robe
rPois    .         Reflect  .   (helmet restricted)
rElec    .         Harm     .   c - +0 cloak
rCorr    .         Rampage  .   (gloves unavailable)
Will     +....     NoTele   +   (boots unavailable)
Stlth    +++++++++.             l - amulet of invisibility {+Inv}
HPRegen  0.16/turn              (no ring)
MPRegen  0.12/turn              (no ring)

@: gold aura, very slightly contaminated, slowed, quick
A: very small, no large weapons, unfitting armour, see invisible, speed 3, frail
1
a: Renounce Religion, Evoke Invisibility, Potion Petition, Call Merchant, Bribe
Branch


You were in the Dungeon.
You worshipped Gozag.
Gozag was most pleased with you.
You visited 1 branch You collected 2198 gold pieces.
You spent 348 gold pieces at shops.

Inventory:

Hand Weapons
 a - a +2 dagger (weapon)
 u - a +0 rapier of venom
Missiles
 d - 13 poisoned darts (quivered)
 n - 6 datura-tipped darts
 r - 24 stones
Armour
 b - a +0 robe (worn)
 c - a +0 cloak (worn)
 m - a +0 buckler (worn)
Jewellery
 l - the amulet of invisibility (around neck) {+Inv}
   (You found it in the Dungeon)

   [amulet of nothing]

   +Inv:      It lets you turn invisible.
 p - the amulet of Udyecwa {Faith Drain rElec Regen+ Dex-4}
   (You found it in the Dungeon)

   [amulet of faith]

   It allows you to gain divine favour quickly.
   Dex:       It affects your dexterity (-4).
   rElec:     It insulates you from electricity.
   Regen:     It increases your rate of health regeneration.
   Drain:     It drains your maximum health when unequipped.
Scrolls
 k - a scroll of blinking
 o - a scroll of identify
 s - a scroll of silence {unknown}
Potions
 f - a potion of curing
 g - a potion of heal wounds
 h - a potion of haste
 i - 2 potions of magic
 j - 2 potions of berserk rage
 q - a potion of degeneration
Miscellaneous
 t - a condenser vane


   Skills:
 * Level 7.4 Fighting
 + Level 6.3 Short Blades
 + Level 5.2 Throwing
 * Level 11.6 Dodging
 * Level 25.0 Stealth
 + Level 10.3 Evocations


You had 4 spell levels left.
You knew the following spells:

 Your Spells              Type           Power      Damage    Failure   Level
a - Slow                  Hex            0%         N/A       58%         2
b - Confusing Touch       Hex            0%         N/A       82%         3

Your spell library contained the following spells:

 Spells                   Type           Power      Damage    Failure   Level
 Corpse Rot               Necr/Air       N/A        N/A       58%         2
 Poisonous Vapours        Pois/Air       0%         N/A       58%         2
 Vampiric Draining        Necr           0%         2d6       82%         3
 Freezing Cloud           Conj/Ice/Air   0%         6-21      100%        5


Dungeon Overview and Level Annotations

Branches:
Dungeon (1/1)

Altars:
Cheibriados
Dithmenos
Elyvilon
Gozag
Hepliaklqana
Kikubaaqudgha
Makhleb
Nemelex Xobeh
Okawaru
Qazlal
Ru
Sif Muna
Trog
Uskayaw
Vehumet
Wu Jian
Xom
Yredelemnul
Zin
The Shining One
Beogh
Jiyva
Lugonu

Shops:
D :(=!:[


Innate Abilities, Weirdness & Mutations

You are very small and have problems with some larger weapons.
You are too small for most types of armour.
You have supernaturally acute eyesight. (SInv)
You cover ground extremely quickly. (Speed+++)
You are frail. (-10% HP)


Message History

The poisoned dart completely misses the spriggan rider.
Throw: 16 darts (poison)
Press: ? - help, Q - select action, (/) - cycle Shift-Dir - straight line, f/p - spriggan rider
Aim: a spriggan rider, wielding a +0 spear and quivering curare-tipped darts (lightly wounded, poisoned, 42% to hit)
You throw a poisoned dart.
The poisoned dart closely misses the spriggan rider.
The spriggan rider throws a curare-tipped dart.
The curare-tipped dart closely misses you.
Throw: 15 darts (poison)
Press: ? - help, Q - select action, (/) - cycle Shift-Dir - straight line, f/p - spriggan rider
Aim: a spriggan rider, wielding a +0 spear and quivering curare-tipped darts (lightly wounded, poisoned, 42% to hit)
You throw a poisoned dart.
The poisoned dart hits the spriggan rider.
The spriggan rider looks even sicker.
The spriggan rider is lightly wounded.
The spriggan rider throws a curare-tipped dart.
The curare-tipped dart hits you.
You are poisoned.
You have difficulty breathing.
You feel yourself slow down.
You feel sick.
There is an open door here.
Throw: 14 darts (poison)
Press: ? - help, Q - select action, (/) - cycle Shift-Dir - straight line, f/p - spriggan rider
Aim: a spriggan rider, wielding a +0 spear and quivering curare-tipped darts (lightly wounded, very poisoned, 42% to hit)
You throw a poisoned dart.
The poisoned dart hits the spriggan rider.
The spriggan rider looks even sicker.
The spriggan rider is lightly wounded.
You feel sick.
You are no longer poisoned.
The spriggan rider throws a curare-tipped dart.
You block the curare-tipped dart.
You feel better. The spriggan rider misses you.
Throw: 13 darts (poison)
Press: ? - help, Q - select action, (/) - cycle Shift-Dir - straight line, f/p - spriggan rider
Aim: a spriggan rider, wielding a +0 spear and quivering curare-tipped darts (moderately wounded, very poisoned, 42% to hit)
Okay, then.
The spriggan rider hits you from afar with a +0 spear!!
You die...
Your body crumbles into a pile of gold.

...#.⌠._._._._.⌠.#.['.))#....##∩#
)|.'.._._._._._..'..#...#....'..#
...#..._._._._...#..###'##...##∩#
#'##.._._._._._..#..##∩∩.'...####
...#._._._._._.⌠.################
...###################......###..
####♣♣♣♣♣..♣[###.i..'(.$((.('.(..
..'......♣..♣##..#..#.P.....#####
..#♣..♣♣♣.♣).###@##+##.P....#
..#.♣♣..♣...♣'...# ########
##################


You could see a spriggan rider (very poisoned).

Vanquished Creatures
  A spriggan druid (D)
  6 oklob plants (D)
  A demonic crawler (D)
  3 burning bushes (D)
  3 wandering mushrooms (D)
  A queen bee (D)
  3 scorpions (D)
  4 killer bees (D)
  5 oklob saplings (D)
  4 spriggans (D)
  A river rat (D)
  A rat (D)
  A ballistomycete spore (D)
34 creatures vanquished.

Vanquished Creatures (others)
  2 fungi (D)
2 creatures vanquished.

Grand Total: 36 creatures vanquished

Notes
Turn   | Place    | Note
-------+----------+-------------------------------------------
     0 | D        | styxcanada the Spriggan Brigand began the quest for the
                  | Orb.
     0 | D        | Reached XP level 1. HP: 10/10 MP: 2/2
    20 | D        | Reached skill level 7 in Stealth
    20 | D        | Reached XP level 2. HP: 6/15 MP: 3/3
    21 | D        | Reached skill level 8 in Stealth
   194 | D        | Noticed an oklob sapling
   196 | D        | Killed an oklob sapling
   197 | D        | Reached skill level 9 in Stealth
   197 | D        | Reached XP level 3. HP: 18/18 MP: 4/4
   198 | D        | Noticed a scorpion
   198 | D        | Found the amulet of invisibility {+Inv}
   200 | D        | Killed a scorpion
   201 | D        | Reached skill level 12 in Stealth
   201 | D        | Reached XP level 4. HP: 23/23 MP: 5/5
   320 | D        | Found an opulent altar of Gozag.
   320 | D        | Found a hazy altar of Hepliaklqana.
   320 | D        | Found a burning altar of Makhleb.
   320 | D        | Found a sparkling altar of Nemelex Xobeh.
   320 | D        | Found a snail-covered altar of Cheibriados.
   320 | D        | Found a sacrificial altar of Ru.
   320 | D        | Found a shimmering blue altar of Sif Muna.
   320 | D        | Found a shimmering altar of Xom.
   320 | D        | Found a basalt altar of Yredelemnul.
   321 | D        | Found a viscous altar of Jiyva.
   321 | D        | Found a bloodstained altar of Trog.
   321 | D        | Found an ornate altar of the Wu Jian Council.
   322 | D        | Found an iron altar of Okawaru.
   322 | D        | Found a shadowy altar of Dithmenos.
   322 | D        | Found a glowing silver altar of Zin.
   323 | D        | Found an ancient bone altar of Kikubaaqudgha.
   323 | D        | Found a hide-covered altar of Uskayaw.
   324 | D        | Found a stormy altar of Qazlal.
   324 | D        | Found a white marble altar of Elyvilon.
   324 | D        | Found a glowing golden altar of the Shining One.
   325 | D        | Became a worshipper of Gozag Ym Sagoz the Greedy
   326 | D        | Found a corrupted altar of Lugonu.
   326 | D        | Found a radiant altar of Vehumet.
   330 | D        | Reached skill level 13 in Stealth
   330 | D        | Reached XP level 5. HP: 28/28 MP: 3/6
   388 | D        | Reached skill level 5 in Dodging
   388 | D        | Reached skill level 14 in Stealth
   388 | D        | Reached skill level 1 in Evocations
   441 | D        | Reached skill level 15 in Stealth
   443 | D        | Reached XP level 6. HP: 33/33 MP: 4/7
   470 | D        | Found Cyir's Weapon Shop.
   470 | D        | Found Onivviet's Book Emporium.
   476 | D        | Bought a book of Debilitation for 308 gold pieces
   479 | D        | Learned a level 2 spell: Slow
   483 | D        | Learned a level 3 spell: Confusing Touch
   484 | D        | Bought 6 datura-tipped darts for 28 gold pieces
   586 | D        | Noticed a burning bush
   586 | D        | Noticed a wandering mushroom
   587 | D        | Noticed a wandering mushroom
   590 | D        | Killed a burning bush
   591 | D        | Reached skill level 17 in Stealth
   591 | D        | Killed a wandering mushroom
   592 | D        | Reached skill level 18 in Stealth
   592 | D        | Reached XP level 7. HP: 38/38 MP: 5/8
   592 | D        | Killed a wandering mushroom
   593 | D        | Reached skill level 5 in Fighting
   593 | D        | Reached skill level 19 in Stealth
   593 | D        | Reached skill level 5 in Evocations
   595 | D        | Reached skill level 5 in Throwing
   595 | D        | Reached XP level 8. HP: 43/43 MP: 5/9
   607 | D        | Found Caicsug's Distillery.
   607 | D        | Found Beyschee's Jewellery Shoppe.
   610 | D        | Identified the amulet of Udyecwa {Faith Drain rElec Regen+
                  | Dex-4}
   630 | D        | Bought a potion of degeneration for 12 gold pieces
   675 | D        | Noticed a queen bee
   682 | D        | Killed a queen bee
   684 | D        | Reached skill level 5 in Short Blades
   685 | D        | Reached skill level 20 in Stealth
   740 | D        | Noticed an oklob plant
   743 | D        | Killed an oklob plant
   744 | D        | Reached skill level 21 in Stealth
   765 | D        | Noticed a burning bush
   768 | D        | Killed a burning bush
   769 | D        | Reached XP level 9. HP: 48/48 MP: 7/10
   771 | D        | Gained mutation: You are frail. (-10% HP) [mutagenic glow]
   847 | D        | Noticed a burning bush
   847 | D        | Noticed an oklob plant
   848 | D        | Noticed a wandering mushroom
   849 | D        | Killed a burning bush
   850 | D        | Reached skill level 10 in Dodging
   854 | D        | Killed an oklob plant
   855 | D        | Reached skill level 22 in Stealth
   861 | D        | Killed a wandering mushroom
  1031 | D        | Noticed a spriggan druid
  1033 | D        | Killed a spriggan druid
  1034 | D        | Reached skill level 23 in Stealth
  1117 | D        | Noticed an oklob plant conjurer
  1118 | D        | Killed an oklob plant conjurer
  1214 | D        | Noticed an oklob plant
  1214 | D        | Noticed an oklob plant summoner
  1215 | D        | Noticed an oklob plant shifter
  1219 | D        | Killed an oklob plant
  1220 | D        | Reached skill level 24 in Stealth
  1220 | D        | Reached XP level 10. HP: 49/49 MP: 8/11
  1221 | D        | Killed an oklob plant summoner
  1224 | D        | Killed an oklob plant shifter
  1225 | D        | Reached skill level 10 in Evocations
  1266 | D        | Noticed a spriggan rider
  1267 | D        | Found Ufyuh's Book Emporium.
  1271 | D        | Found Enatomif's Antique Armour Shoppe.
  1293 | D        | Reached skill level 25 in Stealth
  1308 | D        | Slain by a spriggan rider

Illustrated notes

Levels and vault maps discovered:
D:        dungeon_sprint_fedhas [sprint_temple]

Skill      XL: |  1  2  3  4  5  6  7  8  9 10 |
---------------+-------------------------------+-----
Dodging        | 2 4 5 7 8 9 11 | 11.6
Stealth        | 7 9 12 13 15 18 19 21 24 25 | 25.0
Fighting       | 2 3 4 5 6 7 |  7.4
Short Blades   | 3 4 5 6 |  6.3
Throwing       | 3 4 5 |  5.2
Evocations     | 2 4 5 7 9 10 | 10.3

Action                   |  1- 3 |  4- 6 |  7- 9 | 10-12 || total
-------------------------+-------+-------+-------+-------++-------
Melee: Dagger            |     3 |     7 |    24 |     6 ||    40
Throw: Dart              |     9 |       |       |    12 ||    21
 Abil: Evoke Invisibilit |       |     4 |     7 |     1 ||    12
  Use: Scroll            |       |       |     1 |       ||     1
       Potion            |       |       |       |     1 ||     1
 Stab: Sleeping          |     2 |     7 |    16 |     4 ||    29
       Invisible         |       |       |     3 |       ||     3
Dodge: Dodged            |     3 |       |     1 |     9 ||    13
Block: Buckler           |       |       |       |     3 ||     3
